General information
			
			
        
        - name: BNet
 
        - type: Ladder team game (AT/RT)
 
        - host: Battle.net
 
        - saver: kunt.roII
 
        
map: TwistedMeadows 
        - players: 4
 
        - length: 05:49
 
        - speed: Fast
 - version: 1.22 W3XP
 - replay type:  Public
 
» download(33 KB)
Players
        team 1 (loser) 
              
              
slipppy (
yellow | 97 APM | 560 actions | 05:48)
              
 1 Blademaster 
 1 Wind Walk
 
                » actions 
                
                | Assign group hotkey | 9 |  | 
| Basic commands | 13 |  | 
| Build / train | 24 |  | 
| ESC pressed | 3 |  | 
| Enter build submenu | 7 |  | 
| Enter hero's abilities submenu | 1 |  | 
| Remove unit from queue | 1 |  | 
| Right click | 308 |  | 
| Select / deselect | 105 |  | 
| Select group hotkey | 68 |  | 
| Use ability | 21 |  | 
                560 total
 » units 
                » buildings
                
                | Altar of Storms | 1 |  | 
| Orc Burrow | 3 |  | 
| Barracks | 1 |  | 
| Voodoo Lounge | 1 |  | 
| Stronghold | 1 |  | 
                7 total
 » build order
                00:07 Altar of Storms
00:25 Orc Burrow
00:35 Barracks
01:32 Orc Burrow
01:54 Voodoo Lounge
02:59 Stronghold
05:47 Orc Burrow
» items
                
                | Healing Salve | 1 |  | 
| Lesser Clarity Potion | 1 |  | 
                2 total
  
               
              
              
tMEe (
red | 106 APM | 610 actions | 05:45)
              
 2 Dark Ranger 
 1 Black Arrow
 1 Silence
 
                » actions 
                
                | Assign group hotkey | 22 |  | 
| Basic commands | 43 |  | 
| Build / train | 26 |  | 
| Enter build submenu | 6 |  | 
| Enter hero's abilities submenu | 2 |  | 
| Right click | 290 |  | 
| Select / deselect | 174 |  | 
| Select group hotkey | 10 |  | 
| Use ability | 37 |  | 
                610 total
 » units 
                » buildings
                
                | Moon Well | 3 |  | 
| Ancient of War | 1 |  | 
| Altar of Elders | 1 |  | 
| Tree of Ages | 2 |  | 
| Hunter's Hall | 1 |  | 
                8 total
 » build order
                00:16 Moon Well
00:44 Ancient of War
00:54 Altar of Elders
01:36 Moon Well
02:57 Moon Well
03:19 Tree of Ages
05:11 Hunter's Hall
 
               team 2 (winner) 
              
              
Ishamal (
pink | 46 APM | 265 actions | 05:48)
              
 3 Archmage 
 2 Summon Water Elemental
 1 Brilliance Aura
 
                » actions 
                
                | Assign group hotkey | 10 |  | 
| Basic commands | 1 |  | 
| Build / train | 21 |  | 
| Enter build submenu | 11 |  | 
| Enter hero's abilities submenu | 3 |  | 
| Remove unit from queue | 1 |  | 
| Right click | 95 |  | 
| Select / deselect | 79 |  | 
| Select group hotkey | 29 |  | 
| Use ability | 15 |  | 
                265 total
 » units 
                
                | Peasant | 6 |  | 
| Footman | 5 |  | 
| Rifleman | 3 |  | 
                14 total
 » buildings
                
                | Altar of Kings | 1 |  | 
| Barracks | 1 |  | 
| Farm | 4 |  | 
| Blacksmith | 1 |  | 
| Scout Tower | 1 |  | 
| Keep | 1 |  | 
| Arcane Vault | 1 |  | 
| Arcane Tower | 1 |  | 
                11 total
 » build order
                00:04 Altar of Kings
00:07 Barracks
00:20 Farm
00:56 Farm
01:42 Blacksmith
02:37 Farm
02:54 Scout Tower
03:11 Keep
03:43 Arcane Vault
04:27 Arcane Tower
04:30 Farm
 
               
              
              
kunt.roII (
green | 112 APM | 652 actions | 05:49)
              
 2 Death Knight 
 1 Unholy Aura
 1 Death Coil
 
                » actions 
                
                | Assign group hotkey | 34 |  | 
| Basic commands | 9 |  | 
| Build / train | 26 |  | 
| Enter build submenu | 10 |  | 
| Enter hero's abilities submenu | 2 |  | 
| Right click | 324 |  | 
| Select / deselect | 102 |  | 
| Select group hotkey | 127 |  | 
| Use ability | 18 |  | 
                652 total
 » units 
                » buildings
                
                | Altar of Darkness | 2 |  | 
| Crypt | 1 |  | 
| Ziggurat | 4 |  | 
| Tomb of Relics | 1 |  | 
| Nerubian Tower | 3 |  | 
| Halls of the Dead | 2 |  | 
                13 total
 » build order
                00:07 Altar of Darkness
00:09 Altar of Darkness
00:14 Crypt
00:24 Ziggurat
00:52 Tomb of Relics
01:35 Ziggurat
01:38 Ziggurat
02:06 Nerubian Tower
02:06 Nerubian Tower
02:07 Nerubian Tower
03:37 Halls of the Dead
04:57 Ziggurat
» items
                
                | Rod of Necromancy | 2 |  | 
| Dust of Appearance | 2 |  | 
                4 total
  
                Chat log
          (00:18 / Allies) kunt.roII: going ghouls
(00:24 / Allies) kunt.roII: bc
(00:29 / Allies) kunt.roII: im dumb and messed up build
(00:32 / Allies) Ishamal: lol
(00:35 / Allies) Ishamal: ill go rifles then
(00:44 / Allies) kunt.roII: were gonna get crushed O_O_
(00:49 / Allies) kunt.roII: try to turn it into 2 1v1s
(00:54 / Allies) Ishamal: k
(01:47 / Allies) kunt.roII: was that a wisp
(01:49 / Allies) kunt.roII: i wasnt even lookin
(01:53 / Allies) Ishamal: me neither
(01:57 / Allies) kunt.roII: red sending scout
(02:09 / Allies) Ishamal: yup
(02:10 / Allies) kunt.roII: kk
(02:11 / Allies) Ishamal: wisp
(04:08 / Allies) kunt.roII: yellow shere
(04:09 / Allies) kunt.roII: rape burrow
(04:46 / Allies) Ishamal: killed all lumber peons while teching
(04:49 / Allies) kunt.roII: i raped them both too
(04:50 / Allies) kunt.roII: lmao
(05:41 / Allies) Ishamal: got bm
(05:44 / Allies) Ishamal: and all but 2 peons
(05:47 / All) kunt.roII: gg nubs